 Dungeon Crawl Stone Soup version 0.30-a0-6-g7c9e10e132 (webtiles) character file.

Game seed: 17353680083599355086

164 nickcage the Chopper (level 5, -1/42 HPs)
             Began as a Minotaur Gladiator on Aug 22, 2022.
             Succumbed to an orc's poison
             ... on level 3 of the Dungeon.
             The game lasted 00:03:49 (2541 turns).

nickcage the Chopper (Minotaur Gladiator)           Turns: 2541, Time: 00:03:50

Health: -1/42      AC:  6    Str: 21    XL:     5   Next: 21%
Magic:  4/4        EV: 11    Int:  5    God:
Gold:   117        SH:  0    Dex: 11    Spells: 4/4 levels left

rFire   . . .      SeeInvis .    a - +0 war axe
rCold   . . .      Faith    .    (no shield)
rNeg    . . .      Spirit   .    j - +0 ring mail
rPois   .          Reflect  .    c - +0 hat
rElec   .          Harm     .    g - +0 cloak
rCorr   .          Rampage  .    (no gloves)
Will    .....                    (no boots)
Stlth   +.........               (no amulet)
HPRegen 0.14/turn                (no ring)
MPRegen 0.09/turn                (no ring)

@: lethally poisoned (-1 -> -15), attractive
A: horns 2, retaliatory headbutt
a: no special abilities


You were on level 3 of the Dungeon.
You visited 1 branch of the dungeon, and saw 3 of its levels.

You collected 117 gold pieces.

Inventory:

Hand Weapons
 a - a +0 war axe (weapon)
 s - a +4 whip
Missiles
 d - 3 throwing nets
 e - a javelin (quivered)
Armour
 b - a +0 leather armour
 c - a +0 hat (worn)
 g - a +0 cloak (worn)
 j - a +0 ring mail (worn)
Wands
 y - a wand of light (7)
Scrolls
 h - 2 scrolls of noise {unknown}
 m - a scroll of brand weapon {unknown}
 p - a scroll of torment {unknown}
 r - 4 scrolls of teleportation {unknown}
 t - a scroll of enchant armour {unknown}
 u - 2 scrolls of identify {unknown}
 w - a scroll of poison {unknown}
 x - a scroll of magic mapping {unknown}
Potions
 f - a potion of berserk rage {unknown}
 i - a potion of mutation {unknown}
 k - a potion of attraction
 l - a potion of might {unknown}
 n - 2 potions of curing {unknown}
 o - a potion of resistance {unknown}
 q - 2 potions of ambrosia {unknown}
 v - a potion of brilliance {unknown}


   Skills:
 - Level 2.4 Fighting
 + Level 7.2 Axes
 - Level 2.0 Throwing
 - Level 3.2 Dodging


You had 4 spell levels left.
You didn't know any spells.
Your spell library contained the following spells:

 Spells                   Type           Power      Damage    Failure   Level
 Poisonous Vapours        Pois/Air       0%         N/A       80%         2
 Corpse Rot               Necr/Pois/Air  0%         N/A       100%        4


Dungeon Overview and Level Annotations

Branches:
Dungeon (3/15)

Altars:

Shops:
D:1 *


Innate Abilities, Weirdness & Mutations

You have a pair of horns on your head.
You reflexively headbutt those who attack you in melee.


Message History

The orc hits you with a +2 war axe of venom.
You are poisoned.
You hit the orc. Your headbutt misses the orc.
The orc is heavily wounded.
You feel sick. The orc closely misses you. x2
You closely miss the orc.
The orc is heavily wounded.
You feel sick. The orc completely misses you.
You hit the orc. Your headbutt misses the orc.
The orc is severely wounded.
You feel sick.
The orc hits you with a +2 war axe of venom.
You are more poisoned.
You completely miss the orc. You punch the orc, but do no damage.
The orc is severely wounded.
You feel very sick. The orc hits you but does no damage.
You are more poisoned.
You closely miss the orc.
The orc is severely wounded.
You feel very sick.
The orc hits you with a +2 war axe of venom.
You are lethally poisoned!
You are too injured to fight recklessly!
You are too injured to fight recklessly!
You slash the orc!
You kill the orc!
* * * LOW HITPOINT WARNING * * *
You feel extremely sick.
You slash the orc!
You kill the orc!
* * * LOW HITPOINT WARNING * * *
You feel very sick.
* * * LOW HITPOINT WARNING * * *
You feel very sick.
Items here: ))) [ ††.
There is a lethal amount of poison in your body!
It was a potion of attraction.
You feel attractive to monsters.
You die...

#.# #.# #.# #.# #.#
########## ##.##
#...@....#
##...######.######.#
###.....).....#
.........###..#
#####..#..........#
#..#####..###.#
#.... ....
#+##########


There were no monsters in sight!

Vanquished Creatures
  Ijyb (D:3)
  An orc wizard (D:3)
  5 adders
  2 worms (D:2)
  A dart slug (D:2)
  2 orcs (D:3)
  7 bats
  5 endoplasms
  A giant cockroach (D:1)
  3 goblins
  6 hobgoblins
  4 jackals (D:2)
  8 kobolds
  6 ball pythons
  2 frilled lizards
  2 rats
56 creatures vanquished.

Notes
Turn   | Place    | Note
-------+----------+-------------------------------------------
     0 | D:1      | nickcage the Minotaur Gladiator began the quest for the
                  | Orb.
     0 | D:1      | Reached XP level 1. HP: 18/18 MP: 0/0
   218 | D:1      | Reached skill level 4 in Axes
   307 | D:1      | Reached XP level 2. HP: 23/25 MP: 1/1
   556 | D:1      | Found Lywaannu's Assorted Antiques.
   724 | D:2      | Reached skill level 5 in Axes
   869 | D:2      | Found a faded altar of an unknown god.
   872 | D:2      | Reached XP level 3. HP: 30/30 MP: 2/2
  1013 | D:2      | Reached skill level 6 in Axes
  1013 | D:2      | Reached XP level 4. HP: 32/37 MP: 3/3
  1943 | D:3      | Noticed Ijyb
  1953 | D:3      | Killed Ijyb
  2519 | D:3      | Identified the +5 short sword of Bodily Humours {drain,
                  | Drain rN+++ MP+9 Stlth-}
  2532 | D:3      | Reached skill level 7 in Axes
  2532 | D:3      | Reached XP level 5. HP: 42/42 MP: 4/4
  2540 | D:3      | HP: 2/42 [poisoned by an orc]
  2541 | D:3      | Succumbed to an orc's poison

Illustrated notes

Levels and vault maps discovered:
D:1:      heliophobic_arrival_glass_houses, layout_basic, serial_shops,
          nicolae_diamond_shop
D:2:      layout_loops_corners, nicolae_ecumenical_snake_handling
D:3:      layout_loops_corners, nicolae_overflow_crystal_walls, st_stairs_4,
          uniq_ijyb

Skill      XL: |  1  2  3  4 |
---------------+-------------+-----
Axes           | 4 5 6 7 |  7.2
Fighting       | |  2.4
Throwing       | |  2.0
Dodging        | |  3.2

Action                   |  1- 3 |  4- 6 || total
-------------------------+-------+-------++-------
Melee: War axe           |    53 |    54 ||   107
       Headbutt          |     9 |     5 ||    14
       Punch             |       |     1 ||     1
  Use: Potion            |       |     1 ||     1
Armor: Ring mail         |    23 |    19 ||    42
       Leather armour    |     3 |       ||     3
Dodge: Dodged            |    37 |    20 ||    57

Table legend: (Time is in decaauts)
 A = Elapsed time spent in this place.
 B = Non-inter-level travel time spent in this place.
 C = Inter-level travel time spent in this place.
 D = Time resting spent in this place.
 E = Time spent auto-exploring this place.
 F = Levels seen in this place.
 G = Mean time per level.
                   A        B        C        D        E       F      G
               +--------+--------+--------+--------+--------+-----+--------+
         Total |   2563 |   2521 |     42 |    197 |   1997 |   3 |  854.3 |
       Dungeon |   2563 |   2521 |     42 |    197 |   1997 |   3 |  854.3 |
               +--------+--------+--------+--------+--------+-----+--------+

Top non-repeatable levels by time:
     D:2: 1017 daAuts
     D:3: 866 daAuts
     D:1: 679 daAuts
